 Dungeon Crawl Stone Soup version 0.30-a0-1008-g30c9307041 (webtiles) character file.

Game seed: 2040358550193354361

1180 DelvingFriendo the Trooper (level 8, -14/73 HPs)
             Began as a Black Draconian Wanderer on Apr 4, 2023.
             Was a Priest of Ashenzari.
             Demolished by Menkaure (20 damage)
             ... on level 6 of the Dungeon on Apr 5, 2023.
             The game lasted 00:17:41 (5481 turns).

DelvingFriendo the Trooper (DrWn)                   Turns: 5481, Time: 00:17:41

Health: -14/73     AC:  7    Str: 11    XL:     8   Next: 18%
Magic:  14/14      EV: 11    Int: 19    God:    Ashenzari [***...]
Gold:   217        SH:  5    Dex: 10    Spells: 14/15 levels left

rFire   + . .      SeeInvis +    s - +4 short sword "Bound Together" {Melee, Evo} (curse)
rCold   . . .      Faith    .    c - +0 buckler of the Lashed Burden {Fort, Elem} (curse)
rNeg    . . .      Spirit   .    (body armour unavailable)
rPois   .          Reflect  .    (helmet restricted)
rElec   +          Rampage  .    v - +0 cloak
rCorr   .          Clarity  +    (no gloves)
Will    .....                    (no boots)
Stlth   +                        p - amulet of the acrobat
HPRegen 0.32/turn                e - ring of the Lashed Empyrean {rF+, Elem, Melee} (curse)
MPRegen 0.14/turn                u - ring of Ashenzari's Annoyance {Wiz, Alch, Melee} (curse)

@: no status effects
A: breathe lightning, AC +6, unfitting armour, electricity resistance,
cold-blooded
a: Breathe Lightning, Renounce Religion, Curse Item, Shatter the Chains


You were on level 6 of the Dungeon.
You worshipped Ashenzari.
Ashenzari was most pleased with you.
You visited 1 branch of the dungeon, and saw 6 of its levels.

You collected 217 gold pieces.

Inventory:

Hand Weapons
 a - a +0 club
 s - the cursed +4 short sword "Bound Together" (weapon) {Melee, Evo}
   (You took it off a kobold on level 3 of the Dungeon)

   It has a curse which improves the following skills: Melee Combat: Short
   Blades, Long Blades, Axes, Maces & Flails, Polearms, Staves and Unarmed
   Combat.
   Evocations: Evocations.
Missiles
 h - 9 poisoned darts
Armour
 c - the cursed +0 buckler of the Lashed Burden (worn) {Fort, Elem}

   It has a curse which improves the following skills: Fortitude: Shields.
   Elements:  Fire Magic, Ice Magic, Air Magic and Earth Magic.
 v - a +0 cloak (worn)
Jewellery
 e - the cursed ring of the Lashed Empyrean (left hand) {rF+, Elem, Melee}
   (You found it on level 1 of the Dungeon)

   [ring of protection from fire]

   rF:        It protects you from fire.
   It has a curse which improves the following skills: Elements: Fire Magic, Ice
   Magic, Air Magic and Earth Magic.
   Melee Combat: Short Blades, Long Blades, Axes, Maces & Flails, Polearms,
   Staves and Unarmed Combat.
 p - an amulet of the acrobat (around neck)
 t - a +5 ring of evasion
 u - the cursed ring of Ashenzari's Annoyance (right hand) {Wiz, Alch, Melee}
   (You found it on level 3 of the Dungeon)

   [ring of wizardry]

   It improves your spell success rate.
   It has a curse which improves the following skills: Alchemy: Poison Magic and
   Transmutations.
   Melee Combat: Short Blades, Long Blades, Axes, Maces & Flails, Polearms,
   Staves and Unarmed Combat.
Scrolls
 b - a scroll of fear
 d - 6 scrolls of identify
 g - a scroll of poison
 j - 2 scrolls of enchant armour
 k - 2 scrolls of teleportation
 m - 2 scrolls of summoning
 n - 2 scrolls of vulnerability
 o - 2 scrolls of amnesia
 y - a scroll of enchant weapon
Potions
 f - 2 potions of degeneration
 i - 2 potions of attraction
 l - 2 potions of lignification
 q - 2 potions of brilliance
 r - 3 potions of flight
 w - a potion of magic
 x - a potion of might
 z - a potion of heal wounds


   Skills:
 - Level 7.0 Fighting
 - Level 2.7(5.1) Short Blades
 + Level 1.1 Dodging
 - Level 1.0 Stealth
 - Level 4.1(5.5) Shields
 - Level 4.1 Spellcasting
 - Level 2.0 Conjurations
 - Level 2.0 Necromancy
 - Level 3.4(5.4) Fire Magic


You had 14 spell levels left.
You knew the following spells:

 Your Spells              Type           Power      Damage    Failure   Level
a - Foxfire               Conj/Fire      72%        2x1d7     1%          1

Your spell library contained the following spells:

 Spells                   Type           Power      Damage    Failure   Level
 Kiss of Death            Conj/Necr      44%        2d8       3%          1
 Necrotise                Necr           44%        1d6       3%          1
 Slow                     Hex            12%        N/A       7%          1
 Vampiric Draining        Necr           11%        2d6       9%          3
 Stone Arrow              Conj/Erth      16%        3d8       13%         3
 Confusing Touch          Hex            3%         N/A       21%         3
 Tukima's Dance           Hex            3%         N/A       21%         3
 Passage of Golubria      Tloc           3%         N/A       52%         4
 Yara's Violent Unravell  Hex/Tmut       2%         3d3       86%         5


Dungeon Overview and Level Annotations

Branches:
Dungeon (6/15)             Temple (0/1) D:4

Altars:
Ashenzari
Dithmenos
Xom

Shops:
D:5 *   D:6 !

Annotations:
D:5 4 runed translucent doors
D:6 1 runed translucent door, Jase's ghost, novice HOFi; Menkaure


Innate Abilities, Weirdness & Mutations

You can breathe wild blasts of lightning.
Your glossy black scales are hard. (AC +6)
You cannot fit into any form of body armour.
You are resistant to electric shocks. (rElec)
You are cold-blooded and may be slowed by cold attacks.


Message History

You hit the iguana.
Your tail-slap misses the iguana.
The iguana is severely wounded.
You block the iguana's attack.
You hit the iguana.
The iguana is almost dead.
The iguana bites you.
You hit the iguana but do no damage.
The iguana is almost dead.
You hit the iguana but do no damage.
The iguana is almost dead.
The iguana bites you!
You hit the iguana.
You kill the iguana!
The centaur wields a +0 shortbow.
The centaur shoots an arrow.
The arrow hits you but does no damage.
Your Dodging skill increases to level 1!
You hit the adder.
The adder is moderately wounded.
The adder closely misses you.
You hit the adder.
You tail-slap the adder, but do no damage.
The adder is severely wounded.
The adder bites you.
You puncture the adder!
You kill the adder!
The centaur shoots an arrow.
The arrow hits you!
* * * LOW HITPOINT WARNING * * *
You hit Menkaure.
Your tail-slap misses Menkaure.
Menkaure is lightly damaged.
Menkaure misses you.
You hit Menkaure.
Your tail-slap misses Menkaure.
Menkaure is lightly damaged.
You barely miss Menkaure. You tail-slap Menkaure.
Menkaure is lightly damaged.
Menkaure hits you!
* * * LOW HITPOINT WARNING * * *
You puncture Menkaure!
Menkaure is heavily damaged.
Menkaure hits you!!
You die...

* ..... * , ** ....###, ,
..,,, +....... ,
..######...M.# * ,
#...........# * * , ,
#.....c....### *
*#...........S., ,
,#......######..# * #
#.....cM@....... ,, ,,
#......#####..## ###
....###.#+#........ *
..##....###+#.#.#####.#,,
#.......##....#.......# ,
........##.........#..#,
, ........##............#
, ,
........##...#.....##..
#....# #...#.....#* ., ,


You could see Menkaure and a centaur.

Vanquished Creatures
  Prince Ribbit (D:5)
  Grinder (D:5)
  A vampire mosquito (D:5)
  An ogre (D:5)
  2 scorpions (D:5)
  A killer bee (D:5)
  A jelly (D:5)
  3 hounds
  A gnoll bouda (D:5)
  4 iguanas
  11 adders
  A shadow imp (D:5)
  2 ufetubi
  2 worms
  A dart slug (D:1)
  2 orcs
  8 ball pythons
  5 bats
  11 endoplasms
  3 giant cockroaches
  3 goblins
  5 hobgoblins
  8 kobolds
  2 quokkas
  6 frilled lizards
  3 rats
89 creatures vanquished.

Vanquished Creatures (others)
  29 foxfires (D:5)
29 creatures vanquished.

Grand Total: 118 creatures vanquished

Notes
Turn   | Place    | Note
-------+----------+-------------------------------------------
     0 | D:1      | DelvingFriendo the Draconian Wanderer began the quest for
                  | the Orb.
     0 | D:1      | DelvingFriendo set off with the following items: a +0 club,
                  | a scroll of fear, a +0 buckler; and the following spells
                  | available to memorise: Necrotise, Kiss of Death, Foxfire,
                  | Vampiric Draining, Stone Arrow.
     0 | D:1      | Reached XP level 1. HP: 16/16 MP: 4/4
   149 | D:1      | Reached XP level 2. HP: 20/23 MP: 6/6
   422 | D:1      | Found a faded altar of an unknown god.
   431 | D:1      | Prayed at the altar of an unknown god.
   431 | D:1      | Became a worshipper of Ashenzari the Shackled
   557 | D:1      | Reached XP level 3. HP: 26/28 MP: 7/7
  1733 | D:2      | Reached * piety under Ashenzari
  2110 | D:3      | Reached XP level 4. HP: 35/35 MP: 8/8
  2152 | D:3      | Reached skill level 2 in Fighting
  2209 | D:3      | Found a shadowy altar of Dithmenos.
  2429 | D:3      | Reached skill level 3 in Fighting
  2660 | D:4      | Reached ** piety under Ashenzari
  2946 | D:4      | Reached skill level 1 in Short Blades
  2946 | D:4      | Reached XP level 5. HP: 44/45 MP: 9/9
  3017 | D:4      | Found a staircase to the Ecumenical Temple.
  3403 | D:4      | Reached *** piety under Ashenzari
  3406 | D:4      | Learned a level 1 spell: Foxfire
  3452 | D:5      | Entered Level 5 of the Dungeon
  3548 | D:5      | Found a large runed translucent door.
  3548 | D:5      | Found a large runed translucent door.
  3549 | D:5      | Identified the +0 leather armour of Quobb {rCorr Int+2}
  3550 | D:5      | Noticed a centaur
  3550 | D:5      | Identified the ring "Jaewk" {Str-3 Dex+5 SInv Stlth+}
  3551 | D:5      | Identified the amulet of Ozxiu {Reflect -Tele rPois rCorr
                  | Dex+6 SH+5}
  3571 | D:5      | Noticed an ogre
  3581 | D:5      | Killed an ogre
  3582 | D:5      | Reached skill level 1 in Fire Magic
  3582 | D:5      | Reached XP level 6. HP: 33/51 MP: 10/10
  3611 | D:5      | Noticed a vampire mosquito
  3626 | D:5      | Found a large runed translucent door.
  3626 | D:5      | Found a large runed translucent door.
  3733 | D:5      | Found Veveosuce's Lightly-Used Armoury.
  3777 | D:5      | Noticed Grinder
  3791 | D:5      | Killed Grinder
  3792 | D:5      | Your scales start taking on a glossy black colour.
  3792 | D:5      | Reached XP level 7. HP: 22/57 MP: 11/13
  3792 | D:5      | Gained mutation: You are resistant to electric shocks.
                  | (rElec) [Black Draconian growth]
  4039 | D:5      | Killed a vampire mosquito
  4040 | D:5      | Reached skill level 4 in Fighting
  4366 | D:5      | Noticed Prince Ribbit
  4395 | D:5      | Killed Prince Ribbit
  4396 | D:5      | Reached skill level 6 in Fighting
  4778 | D:5      | Reached XP level 8. HP: 60/71 MP: 14/14
  5291 | D:5      | Upgraded the game from 0.30-a0-996-ga6910c8ee8 to
                  | 0.30-a0-1008-g30c9307041
  5321 | D:6      | Reached skill level 7 in Fighting
  5408 | D:6      | Found Nodwy's Distillery.
  5433 | D:6      | Found a runed translucent door.
  5433 | D:6      | Found a shimmering altar of Xom.
  5433 | D:6      | Noticed a +1 trident of chaos
  5433 | D:6      | Noticed Jase's ghost (novice HOFi)
  5465 | D:6      | Noticed Menkaure
  5475 | D:6      | Reached skill level 1 in Dodging
  5481 | D:6      | Demolished by Menkaure

Illustrated notes

Levels and vault maps discovered:
D:1:      dpeg_arrival_renting, layout_loops_corners,
          shapermc_ecumenical_altar_flowoftime
D:2:      layout_basic
D:3:      layout_loops_ring, grunt_dithmenos_smoke, zin_scriptorium
D:4:      layout_basic, minmay_temple_entry_junction
D:5:      layout_loops_corners, minmay_shop_damaged,
          minmay_hollow_rounded_squares, uniq_grinder, uniq_prince_ribbit1
D:6:      layout_basic, evilmike_ruin_ashenzari, kennysheep_mini_moat,
          ebering_ghost_xom, serial_shops, shop, uniq_menkaure

Skill      XL: |  1  2  3  4  5  6  7  8 |
---------------+-------------------------+-----
Shields        | 3 4 |  4.1
Fighting       | 3 6 7 |  7.0
Short Blades   | 1 2 |  2.7
Conjurations   | 2 |  2.0
Fire Magic     | 1 3 |  3.4
Spellcasting   | 4 |  4.1
Dodging        | 1 |  1.1
Stealth        | |  1.0
Necromancy     | |  2.0

Action                     |  1- 3 |  4- 6 |  7- 9 || total
---------------------------+-------+-------+-------++-------
  Melee: Club              |   168 |       |       ||   168
         Tailslap          |    22 |    16 |    16 ||    54
         Unarmed           |    20 |       |       ||    20
         Short sword       |     6 |   156 |   109 ||   271
  Throw: Dart              |     1 |     1 |       ||     2
   Cast: Foxfire           |       |     1 |    20 ||    21
 Invoke: Curse Item        |     2 |     2 |       ||     4
    Use: Potion            |     1 |     2 |     1 ||     4
         Scroll            |       |     1 |       ||     1
   Stab: Sleeping          |     4 |     1 |     1 ||     6
 Armour: Skin              |    85 |    31 |    40 ||   156
  Dodge: Dodged            |    94 |    70 |    42 ||   206
  Block: Buckler           |    42 |    36 |    10 ||    88

Table legend: (Time is in decaauts)
 A = Elapsed time spent in this place.
 B = Non-inter-level travel time spent in this place.
 C = Inter-level travel time spent in this place.
 D = Time resting spent in this place.
 E = Time spent auto-exploring this place.
 F = Levels seen in this place.
 G = Mean time per level.
                   A        B        C        D        E       F      G
               +--------+--------+--------+--------+--------+-----+--------+
         Total |   5499 |   5358 |    141 |    633 |   3765 |   6 |  916.5 |
       Dungeon |   5499 |   5358 |    141 |    633 |   3765 |   6 |  916.5 |
               +--------+--------+--------+--------+--------+-----+--------+

Top non-repeatable levels by time:
     D:5: 1820 daAuts
     D:1: 1172 daAuts
     D:4: 903 daAuts
     D:2: 833 daAuts
     D:3: 601 daAuts
     D:6: 167 daAuts
